 Dungeon Crawl Stone Soup version 0.26-a0-188-ga22346179c (webtiles) character file.

Game seed: 2509598320155159029

1793 Conn the Sneak (level 9, -6/54 HPs)
             Began as an Octopode Hedge Wizard on July 4, 2020.
             Was an Initiate of Sif Muna.
             Shot with an arrow by a centaur (9 damage)
             ... on level 6 of the Dungeon.
             The game lasted 00:26:34 (8861 turns).

Conn the Sneak (Octopode Hedge Wizard)              Turns: 8861, Time: 00:26:37

Health: -6/54      AC:  1    Str:  9    XL:     9   Next: 9%
Magic:  10/18      EV: 13    Int: 19    God:    Sif Muna [......]
Gold:   298        SH:  0    Dex: 12    Spells: 9/21 levels left

rFire    . . .     SeeInvis .   n - +1 spear (flame)
rCold    + . .     Faith    .   (no shield)
rNeg     . . .     Spirit   .   a - +0 hat
rPois    .         Reflect  .   (no amulet)
rElec    .         Harm     .   k - ring of protection from cold
rCorr    .                      (no ring)
MR       .....                  (no ring)
Stlth    ++++......             (no ring)
HPRegen  0.18/turn              (no ring)
MPRegen  0.16/turn              (no ring)
                                (no ring)
                                (no ring)

@: very slightly contaminated, heavily drained
A: almost no armour, stealthy swim, amphibious, 8 rings, constrict 8, camouflage
1, gelatinous body 1
a: Renounce Religion


You were on level 6 of the Dungeon.
You worshipped Sif Muna.
Sif Muna was noncommittal.
You were not hungry.

You visited 2 branches of the dungeon, and saw 7 of its levels.
You also visited: Sewer.

You collected 298 gold pieces.

Inventory:

Hand Weapons
 n - a +1 spear of flaming (weapon)
 w - a +0 short sword of draining
Missiles
 e - 17 poisoned darts (quivered)
 l - 97 sling bullets
Armour
 a - a +0 hat (worn)
Jewellery
 k - a ring of protection from cold (left tentacle)
Wands
 x - a wand of polymorph (7)
Scrolls
 b - 2 scrolls of remove curse
 d - 5 scrolls of immolation
 f - a scroll of enchant weapon {unknown}
 g - 2 scrolls of random uselessness
 i - 3 scrolls of fear
 m - a scroll of magic mapping {unknown}
 o - 2 scrolls of identify
 q - a scroll of enchant armour {unknown}
 s - 9 scrolls of teleportation
 t - 2 scrolls of blinking {unknown}
 y - a scroll of noise {unknown}
Potions
 j - 2 potions of might
 p - a potion of invisibility
 r - a potion of lignification {unknown}
 u - 2 potions of curing
 v - a potion of brilliance {unknown}
 z - 2 potions of haste {unknown}
 B - a potion of magic {unknown}
Comestibles
 c - 14 rations


   Skills:
 + Level 2.1(0.7) Fighting
 + Level 4.0(2.6) Polearms
 + Level 3.1(1.7) Dodging
 + Level 6.7(5.2) Stealth
 * Level 6.6(5.1) Spellcasting
 * Level 4.4(3.0) Conjurations
 + Level 1.9(0.6) Summonings
 * Level 2.2(0.9) Translocations
 * Level 2.0(0.7) Fire Magic
 + Level 0.1(0.0) Air Magic
 * Level 2.3(1.0) Poison Magic


You had 9 spell levels left.
You knew the following spells:

 Your Spells              Type           Power        Failure   Level  Hunger
a - Magic Dart            Conj           ###.         3%          1    None
b - Blink                 Tloc           N/A          13%         2    #......
c - Call Imp              Summ           #.......     14%         2    #......
d - Conjure Flame         Conj/Fire      ##......     17%         3    ##.....
e - Mephitic Cloud        Conj/Pois/Air  #.......     22%         3    ##.....
f - Foxfire               Conj/Fire      ##..         6%          1    None

Your spell library contained the following spells:

 Spells                   Type           Power        Failure   Level  Hunger
 Slow                     Hex            #.......     19%         2    #......
 Inner Flame              Hex/Fire       #.......     32%         3    ##.....
 Sticky Flame             Conj/Fire      ##......     50%         4    ####...
 Fireball                 Conj/Fire      ##........   85%         5    ######.


Dungeon Overview and Level Annotations

Branches:
Dungeon (6/15)             Temple (1/1) D:5           Sewer (visited)

Altars:
Dithmenos
Elyvilon
Fedhas
Gozag
Kikubaaqudgha
Okawaru
Ru
Sif Muna
Xom
The Shining One


Innate Abilities, Weirdness & Mutations

You cannot wear most types of armour.
You are very stealthy in the water. (Stealth+)
You are amphibious.
You can wear up to eight rings at the same time.
You can use your tentacles to constrict eight enemies at once.
Your skin changes colour to match your surroundings (Stealth+).
Your rubbery body absorbs attacks. (AC +1, EV +1)


Message History

The wight hits you from afar with a +3 halberd.
* * * LOW HITPOINT WARNING * * *
You feel drained.
Casting: Mephitic Cloud (dangerous; 22% risk of failure)
Confirm with . or Enter, or press ? or * to list all spells.
Okay, then.
Okay, then.
Casting: Mephitic Cloud (dangerous; 22% risk of failure)
Confirm with . or Enter, or press ? or * to list all spells.
Aiming: Mephitic Cloud (dangerous; 22% risk of failure)
Press: ? - help, Shift-Dir - straight line, f - centaur
Aim: a centaur, wielding a +0 shortbow and quivering 14 arrows You miscast Mephitic Cloud.
You are very lightly contaminated with residual magic.
Nothing appears to happen.
The centaur shoots an arrow.
The arrow closely misses you.
The wight hits you with a cursed +0 dagger!
* * * LOW HITPOINT WARNING * * *
The wight closely misses you.
The centaur shoots an arrow.
The arrow hits you!
You die...

##.##.....'####+###......... h
.......#..................## ..
#.#...c..................#. #..#
#.#...a................#.
+....###.(....................#.
#.............................'.
......#...((..................#.
........###'#####....###+#....##
.....#.....c(.ยง@#....#...#......
.... #........z.#....#...#......
.##+##.........z#....#...#......
.......Y......'...?#..)#......
..............#....#...'......
#..###+##.###..#..z.#####......
#..##..##.###..###... ####....
...........#.....#.... #..#....
.......Zz#.....# .. #..'....


You could see an ice beast (fleeing), a centaur and 2 wights.

Vanquished Creatures
  Eustachio (D:4)
  An orc warrior (D:6)
  3 phantoms
  A centaur (D:5)
  7 wights
  A howler monkey (D:5)
  A hound (D:4)
  2 orc wizards
  An orc priest (D:5)
  A bullfrog skeleton (D:4)
  2 iguanas
  5 worker ants
  2 hound skeletons
  2 gnolls
  5 adders
  6 river rats
  2 oozes
  An adder zombie (D:5)
  5 worms
  3 dart slugs (D:2)
  2 leopard geckos
  17 orcs
  2 ball pythons
  3 giant cockroaches
  9 goblins
  6 hobgoblins
  2 jackals (D:3)
  2 quokkas
  A ball python zombie (D:5)
  7 bats
  19 frilled lizards
  6 kobolds
  21 rats
149 creatures vanquished.

Vanquished Creatures (collateral kills)
  The ghost of lis82 the Gusty, a novice DgAE (D:5)
  An orc wizard (D:5)
  Terence (D:3)
  2 gnolls (D:3)
5 creatures vanquished.

Vanquished Creatures (others)
  A centaur (D:6)
  24 foxfires (D:6)
25 creatures vanquished.

Grand Total: 179 creatures vanquished

Notes
Turn   | Place    | Note
-------+----------+-------------------------------------------
     0 | D:1      | Conn the Octopode Hedge Wizard began the quest for the Orb.
     0 | D:1      | Reached XP level 1. HP: 11/11 MP: 4/4
   512 | D:1      | Reached XP level 2. HP: 6/17 MP: 0/6
  1513 | D:2      | Reached XP level 3. HP: 18/21 MP: 0/8
  1982 | D:3      | Learned a level 2 spell: Blink
  1985 | D:3      | Learned a level 2 spell: Call Imp
  1989 | D:3      | Learned a level 3 spell: Conjure Flame
  2038 | D:2      | Reached XP level 4. HP: 23/27 MP: 2/10
  2488 | D:3      | Noticed Terence
  2527 | D:3      | Killed Terence
  2896 | D:2      | Reached XP level 5. HP: 31/31 MP: 11/11
  3694 | D:4      | Noticed Eustachio
  3705 | D:4      | Killed Eustachio
  3705 | D:4      | Reached skill level 1 in Fighting
  3705 | D:4      | Reached skill level 1 in Polearms
  3705 | D:4      | Reached XP level 6. HP: 18/38 MP: 12/12
  4366 | D:4      | Found a glowing drain.
  4375 | Sewer    | Entered a sewer
  5557 | D:4      | Reached XP level 7. HP: 43/43 MP: 14/14
  5561 | D:4      | Reached skill level 5 in Stealth
  6015 | D:4      | Reached skill level 5 in Spellcasting
  6310 | D:5      | Entered Level 5 of the Dungeon
  6310 | D:5      | Found an ancient bone altar of Kikubaaqudgha.
  6435 | D:5      | Found an opulent altar of Gozag.
  6904 | D:5      | Learned a level 3 spell: Mephitic Cloud
  6912 | D:5      | Reached XP level 8. HP: 32/49 MP: 9/15
  7053 | D:5      | Found a large runed translucent door.
  7054 | D:5      | Found a large runed translucent door.
  7056 | D:5      | Noticed lis82's ghost (novice DgAE)
  7123 | D:5      | Found a staircase to the Ecumenical Temple.
  7139 | D:5      | Learned a level 1 spell: Foxfire
  7153 | Temple   | Entered the Ecumenical Temple
  7163 | Temple   | Became a worshipper of Sif Muna the Loreminder
  7456 | D:5      | Found an ancient bone altar of Kikubaaqudgha.
  7488 | D:5      | Found a shimmering altar of Xom.
  7571 | D:5      | Found a glowing golden altar of the Shining One.
  7703 | D:5      | Killed lis82's ghost
  7703 | D:5      | Reached skill level 1 in Poison Magic
  7820 | D:6      | Reached skill level 1 in Fire Magic
  7887 | D:6      | Found an iron altar of Okawaru.
  8553 | D:5      | Reached XP level 9. HP: 36/54 MP: 18/18
  8861 | D:6      | Shot with an arrow by a centaur

Illustrated notes

Levels and vault maps discovered:
D:1:      dpeg_arrival_houses_and_road, layout_basic
D:2:      layout_rooms, minmay_ruptured
D:3:      layout_basic, first_ration, uniq_terence
D:4:      layout_basic, cheibrodos_sewer_entry_sluice, uniq_eustachio
D:5:      layout_loops_cross, marbit_many_paths, nicolae_tso_swordbearing_angel,
          grunt_gozag_breadcrumbs, minmay_temple_entry_offerings,
          ebering_ghost_disaster_area, kennysheep_diamond,
          hangedman_feature_mirror, kennysheep_crisscross
D:6:      layout_gridville, okawaru_ov_weapons_minmay,
          nicolae_overflow_crystal_walls, kennysheep_mini,
          chequers_ossuary_entry_cave, minmay_fractal_squares_5
Temple:   chequers_temple_sunken

Skill      XL: |  1  2  3  4  5  6  7  8  9 |
---------------+----------------------------+-----
Stealth        | 3 4 6 |  6.7
Spellcasting   | 4 5 6 |  6.6
Conjurations   | 2 3 4 |  4.4
Fighting       | 1 2 |  2.1
Polearms       | 1 2 3 4 |  4.0
Poison Magic   | 2 |  2.3
Fire Magic     | 1 2 |  2.0
Dodging        | 3 |  3.1
Translocations | 2 |  2.2
Summonings     | |  1.9
Air Magic      | |  0.1

Action                   |  1- 3 |  4- 6 |  7- 9 || total
-------------------------+-------+-------+-------++-------
Melee: Unarmed           |    57 |       |       ||    57
       Constrict         |    14 |    36 |    29 ||    79
       Tentacles         |    10 |    25 |    28 ||    63
       Spear             |       |   203 |   205 ||   408
 Cast: Magic Dart        |    67 |    16 |    22 ||   105
       Call Imp          |     1 |     4 |     8 ||    13
       Mephitic Cloud    |       |       |     6 ||     6
       Foxfire           |       |       |    12 ||    12
       Conjure Flame     |       |       |     4 ||     4
       Blink             |       |       |     3 ||     3
  Use: Potion            |       |       |     5 ||     5
       Scroll            |       |       |     6 ||     6
 Stab: Sleeping          |     3 |    18 |     9 ||    30
       Confused          |       |       |     6 ||     6
       Distracted        |       |       |     1 ||     1
  Eat: Chunk             |     3 |    11 |     9 ||    23
       Ration            |       |       |     1 ||     1
Armor: Skin              |     9 |     7 |     3 ||    19
Dodge: Dodged            |    41 |    84 |    86 ||   211

Table legend:
 A = Non-vault XP
 B = Vault XP
 C = Vault XP percentage of total XP
 D = Non-vault monster count
 E = Vault monster count
 F = Vault count percentage of total count
                 A         B        C        D         E       F
            +---------+---------+-------+---------+---------+-------
      Total |    1886 |     676 |  26.4 |     115 |      40 |  25.8
            +---------+---------+-------+---------+---------+-------
        D:1 |      24 |       0 |   0.0 |      14 |       0 |   0.0
        D:2 |      63 |       7 |  10.0 |      25 |       2 |   7.4
        D:3 |      92 |      31 |  25.2 |      24 |       1 |   4.0
        D:4 |     431 |     212 |  33.0 |      22 |       5 |  18.5
        D:5 |     357 |     336 |  48.5 |      12 |       3 |  20.0
        D:6 |     919 |       0 |   0.0 |      18 |       0 |   0.0
      Sewer |       0 |      90 | 100.0 |       0 |      29 | 100.0
            +---------+---------+-------+---------+---------+-------
